 Dungeon Crawl Stone Soup version bcrawl-1.34.1 (webtiles) character file.

Game seed: 2401337406446145940

110411 dcsswall the Magician (level 4, -1/28 HPs)
             Began as an Octopode Wizard on Sept 22, 2021.
             Slain by a hobgoblin
             ... wielding a +0 club
              (5 damage)
             ... on level 3 of the Dungeon.
             The game lasted 00:06:15 (2329 turns).

dcsswall the Magician (Octopode Wizard)             Turns: 2329, Time: 00:06:16

Health: -1/28      AC:  1    Str:  6    XL:     4   Next: 45%
Magic:  9/9        EV: 19    Int: 20    God:
Gold:   100        SH:  0    Dex: 16    Spells: 6/10 levels left

rFire    . . .     SeeInvis .   a - +0 staff
rCold    . . .     Gourm    .   (no shield)
rNeg     . . .     Faith    .   b - +0 hat
rPois    .         Spirit   .   (cloak restricted)
rElec    .         Reflect  .   (no amulet)
rCorr    .         Harm     .   (no ring)
MR       .....                  (no ring)
Stlth    ++++......             (no ring)
HPRegen  0.09/turn              (no ring)
MPRegen  0.11/turn              (no ring)
                                (no ring)
                                (no ring)
                                (no ring)

@: agile
A: almost no armour, stealthy swim, amphibious, 8 rings, constrict 8, camouflage
1, gelatinous body 1
a: no special abilities


You were on level 3 of the Dungeon.
You were not hungry.

You visited 1 branch of the dungeon, and saw 3 of its levels.

You collected 100 gold pieces.

Inventory:

Hand Weapons
 a - a +0 staff (weapon)
 g - a +0 hunting sling
Missiles
 c - 47 javelins (quivered)
 h - 466 stones
Armour
 b - a +0 hat (worn)
Jewellery
 l - a cursed amulet of faith {unknown}
Scrolls
 f - a scroll of fog
 j - a scroll of blinking {unknown}
 k - a scroll of fear {unknown}
 m - 3 scrolls of remove curse
 o - a scroll of teleportation {unknown}
Potions
 d - 2 potions of brilliance
 i - a potion of ambrosia {unknown}
Comestibles
 e - 5 rations {!d}
 n - 2 chunks of flesh


   Skills:
 + Level 1.2 Fighting
 - Level 2.2 Dodging
 - Level 3.0 Stealth
 + Level 3.5 Spellcasting
 * Level 2.5 Conjurations
   Level 1.0 Summonings
   Level 1.0 Translocations
 * Level 1.6 Poison Magic


You had 6 spell levels left.
You knew the following spells:

 Your Spells              Type           Power        Failure   Level  Hunger
a - Magic Dart            Conj           ##..         4%          1    None
b - Mephitic Cloud        Conj/Pois/Air  #.......     22%         3    ####...

Your spell library contained the following spells:

 Spells                   Type           Power        Failure   Level  Hunger
 Blink                    Tloc           N/A          14%         2    None
 Call Imp                 Summ           #.....       14%         2    None
 Conjure Flame            Conj/Fire      #.......     24%         3    ####...
 Spider Form              Tmut/Pois      #..          28%         3    ####...


Dungeon Overview and Level Annotations

Branches:
Dungeon (3/12)

Altars:
Fedhas
Qazlal
Wu Jian
Xom
Zin
The Shining One


Innate Abilities, Weirdness & Mutations

You cannot wear most types of armour.
You are very stealthy in the water. (Stealth+)
You are amphibious.
You can wear up to eight rings at the same time.
You can use your tentacles to constrict eight enemies at once.
Your skin changes colour to match your surroundings (Stealth+).
Your rubbery body absorbs attacks. (AC +1, EV +1)


Message History

n - 2 chunks of flesh
Items here: )) [ ÷ a +0 hand axe; a +0 flail; a +0 chain mail; an orc skeleton You start resting.
A hobgoblin comes into view. It is wielding a +0 club.
A hobgoblin is nearby!
Throwing (i - inventory. (/) - cycle)
c - 49 javelins (quivered)
Press: ? - help, Shift-Dir - straight line, f - hobgoblin
Aim: a hobgoblin, wielding a +0 club (hasn't noticed you)
You throw a javelin. The hobgoblin shouts!
The javelin hits the hobgoblin but does no damage.
Throwing (i - inventory. (/) - cycle)
c - 48 javelins (quivered)
Press: ? - help, Shift-Dir - straight line, f/p - hobgoblin
Aim: a hobgoblin, wielding a +0 club You throw a javelin.
The javelin closely misses the hobgoblin.
You hit the hobgoblin but do no damage. Your grab misses the hobgoblin.
The hobgoblin closely misses you. The hobgoblin hits you with a +0 club.
You die...

#######
.......
########
.......
#......#
.......
#......#
[..o.
#......#
#..###.###..#
#.).##@# ...
#.#.##g# . #
#....# #..###
....##
..#..>.
..†...
###.....
#.#.#.


You could see a hobgoblin.

Vanquished Creatures
  A gnoll (D:1)
  3 worms (D:2)
  A dart slug (D:2)
  2 leopard geckos
  6 orcs
  A ball python (D:2)
  6 bats
  A giant cockroach (D:3)
  10 goblins
  5 hobgoblins
  A quokka (D:2)
  7 frilled lizards
  5 kobolds
  3 rats
52 creatures vanquished.

Notes
Turn   | Place    | Note
-------+----------+-------------------------------------------
     0 | D:1      | dcsswall the Octopode Wizard began the quest for the Orb.
     0 | D:1      | Reached XP level 1. HP: 11/11 MP: 4/4
   317 | D:1      | Reached XP level 2. HP: 17/17 MP: 6/6
   536 | D:1      | Reached XP level 3. HP: 15/22 MP: 7/7
  1093 | D:1      | Learned a level 3 spell: Mephitic Cloud
  1127 | D:2      | Found a stormy altar of Qazlal.
  1130 | D:2      | Found a blossoming altar of Fedhas.
  1305 | D:2      | Reached skill level 1 in Fighting
  1520 | D:2      | Reached skill level 1 in Poison Magic
  1578 | D:2      | Reached XP level 4. HP: 28/28 MP: 9/9
  1909 | D:2      | Found a glowing golden altar of the Shining One.
  1909 | D:2      | Found a glowing silver altar of Zin.
  1909 | D:2      | Found an ornate altar of the Wu Jian Council.
  2030 | D:2      | Found a shimmering altar of Xom.
  2308 | D:3      | HP: 1/28 [hobgoblin (4)]
  2329 | D:3      | Slain by a hobgoblin

Skill      XL: |  1  2  3 |
---------------+----------+-----
Conjurations   | 2 |  2.5
Fighting       | 1 |  1.2
Poison Magic   | 1 |  1.6
Dodging        | |  2.2
Stealth        | |  3.0
Spellcasting   | |  3.5
Summonings     | |  1.0
Translocations | |  1.0

Action                   |  1- 3 |  4- 6 || total
-------------------------+-------+-------++-------
Melee: Staff             |    51 |    22 ||    73
       Tentacles         |     8 |     3 ||    11
       Constrict         |    10 |     5 ||    15
Throw: Javelin           |    60 |    57 ||   117
  Use: Scroll            |     7 |       ||     7
       Potion            |       |     1 ||     1
 Stab: Sleeping          |     4 |       ||     4
  Eat: Chunk             |     6 |     3 ||     9
       Ration            |       |     1 ||     1
Armor: Skin              |     5 |     8 ||    13
Dodge: Dodged            |    32 |    44 ||    76
